cohdb
Replays
Latest Replays
All Replays
Popular Replays
Top Player Replays
Match Explorer
How It Works
Community
CoH3 Stats
Reddit
Sign in to upload your games and track your stats! →
Sign in with Steam
Match 42430869
Unlisted
Match 42430869
Overview
Messages
Build Orders
End
Construct Barracks
Engineer Squad
1⁄4-ton 4x4 Truck
Riflemen Squad
Riflemen Squad
Riflemen Squad
Infantry Support Center
Grenade Package
Construct Medical Station
Construct Weapon Support Center
M3 Armored Personnel Carrier
Advanced Logistics
M1919 Machine Gun Team
M1918 Browning Automatic Rifles
Engineer Squad
_
Trion
0
0
Comments
sign in to comment!
No comments posted yet!